 Dungeon Crawl Stone Soup version 0.31.0-11-ge490571c62 (webtiles) character file.

Game seed: 11472547273224901580

432 sanka the Basher (level 6, 0/44 (52) HPs)
             Began as a Minotaur Fighter on Feb 2, 2024.
             Was an Initiate of the Shining One.
             Slain by a phantom (5 damage)
             ... on level 5 of the Dungeon.
             The game lasted 00:03:31 (3255 turns).

sanka the Basher (Minotaur Fighter)                 Turns: 3255, Time: 00:03:32

HP:   0/44 (52)     AC:  6    Str: 21    XL:     6   Next: 67%
MP:   5/5           EV:  9    Int:  5    God:    the Shining One [......]
Gold: 168           SH:  4    Dex: 11    Spells: 5/5 levels left

rFire   . . .        a - +0 flail
rCold   . . .        c - +0 buckler
rNeg    . . .        b - +0 scale mail
rPois   .            (helmet restricted)
rElec   .            (no cloak)
rCorr   .            (no gloves)
SInv    .            (no boots)
Will    +....        (no amulet) Stlth
                     (no ring)
HPRegen 0.27/turn    f - ring of willpower
MPRegen 0.09/turn

%: no passive effects
@: glowing, heavily drained
A: horns 2, retaliatory headbutt
a: Renounce Religion


You were on level 5 of the Dungeon.
You worshipped the Shining One.
The Shining One was noncommittal.
You visited 1 branch of the dungeon, and saw 5 of its levels.

You collected 168 gold pieces.


Innate Abilities, Weirdness & Mutations

You have a pair of horns on your head.
You reflexively headbutt those who attack you in melee.


   Skills:
 - Level 4.0 Fighting
 + Level 8.6 Maces & Flails
 - Level 3.6 Armour
 - Level 3.6 Shields


You had 5 spell levels left.
You didn't know any spells.
Your spell library was empty.

Inventory:

Hand Weapons
 a - a +0 flail (weapon)
Armour
 b - a +0 scale mail (worn)
 c - a +0 buckler (worn)
Magical Staves
 i - a staff of fire
Jewellery
 f - a ring of willpower (right hand)
Wands
 t - a wand of flame (25)
Scrolls
 e - a scroll of fog {unknown}
 g - a scroll of poison {unknown}
 h - 9 scrolls of identify {unknown}
 j - a scroll of amnesia {unknown}
 l - 2 scrolls of noise {unknown}
 o - a scroll of teleportation {unknown}
 q - a scroll of immolation {unknown}
 r - a scroll of fear {unknown}
 u - a scroll of enchant weapon {unknown}
 v - a scroll of blinking {unknown}
Potions
 d - 2 potions of might
 k - a potion of curing {unknown}
 m - a potion of attraction {unknown}
 p - 2 potions of invisibility {unknown}
 s - a potion of resistance {unknown}

Dungeon Overview and Level Annotations

Branches:
Dungeon (5/15)
 Temple: D:4-7

Altars:
Elyvilon
Gozag
The Shining One

Annotations:
D:2 1 runed translucent door, Crazy Yiuf
D:4 Dowan

..... ▒▒. ...
>..$.▒▒..
.......▒..▒.▒▒▒
...▒▒........▒▒
▒..▒▒▒▒.▒.▒..▒▒
▒.........▒▒<.▒
.▒▒......▒.<▒▒...▒
.................▒
......WH.▒▒▒▒....▒
▒▒▒......▒ ▒...▒▒
▒▒▒▒...▒ ▒▒.▒▒
▒▒... ▒.▒ ▒.▒..
▒.▒ ▒.▒▒▒▒ ..▒ .▒▒


You could see a phantom.


Message History

Found a stone staircase leading down.
There is a stone staircase leading up here.
The phantom hits you.
* * * LOW HITPOINT WARNING * * *
The phantom blinks!
You blink.
You stop ascending the stairs.
Unknown command.
You closely miss the phantom. The phantom hits you.
* * * LOW HITPOINT WARNING * * *
You barely miss the phantom. Your headbutt misses the phantom.
You can't go down here!
You sock the phantom!
You headbutt the phantom, but do no damage.
The phantom is heavily damaged.
You block the phantom's attack.
The phantom hits you but does no damage.
You hit the phantom.
The phantom is severely damaged.
The phantom hits you but does no damage.
You closely miss the phantom. You headbutt the phantom.
The phantom is almost destroyed.
Unknown command.
You hit the phantom.
The phantom is almost destroyed.
The phantom hits you.
You die...

Action                     |  1- 3 |  4- 6 || total
---------------------------+-------+-------++-------
  Melee: Flail             |    59 |   113 ||   172
         Headbutt          |     9 |    16 ||    25
  Throw: Throwing net      |       |     1 ||     1
 Armour: Scale mail        |    33 |    74 ||   107
  Dodge: Dodged            |    31 |    33 ||    64
  Block: Buckler           |    19 |    16 ||    35

Levels and vault maps discovered:
D:1:      onia_arrival_pyramid, layout_basic, st_stairs_4
D:2:      layout_loops_cross, basic_altar, chequers_serial_rivers_small_b,
          hangedman_decor_riveting, uniq_crazy_yiuf_cottage, uniq_jessica
D:3:      layout_basic, lemuel_doored_altar
D:4:      layout_basic, nicolae_overflow_crystal_walls, serial_bayou_crossing,
          uniq_ijyb, uniq_duvessa, uniq_blork_the_orc
D:5:      layout_rooms

Notes
Turn   | Place    | Note
-------+----------+-------------------------------------------
     0 | D:1      | sanka the Minotaur Fighter began the quest for the Orb.
     0 | D:1      | Reached XP level 1. HP: 19/19 MP: 0/0
    28 | D:1      | Reached skill level 4 in Fighting
   285 | D:1      | Reached skill level 3 in Maces & Flails
   285 | D:1      | Reached XP level 2. HP: 27/27 MP: 1/1
   621 | D:2      | Reached skill level 4 in Maces & Flails
   621 | D:2      | Reached XP level 3. HP: 33/33 MP: 2/2
   628 | D:2      | Found a runed translucent door.
   629 | D:2      | Noticed Crazy Yiuf
   663 | D:2      | Noticed Jessica
   670 | D:2      | Killed Jessica
   732 | D:2      | Reached skill level 5 in Maces & Flails
   732 | D:2      | Reached XP level 4. HP: 40/40 MP: 3/3
   790 | D:2      | Found a glowing golden altar of the Shining One.
   806 | D:2      | Became a worshipper of the Shining One
  1467 | D:3      | Reached skill level 6 in Maces & Flails
  1572 | D:3      | Reached XP level 5. HP: 41/46 MP: 4/4
  1752 | D:3      | Found an opulent altar of Gozag.
  2159 | D:4      | Found a white marble altar of Elyvilon.
  2169 | D:4      | Noticed Blork the orc
  2185 | D:4      | Killed Blork the orc
  2186 | D:4      | Reached skill level 7 in Maces & Flails
  2395 | D:4      | Reached XP level 6. HP: 27/52 MP: 5/5
  3204 | D:4      | Noticed Duvessa
  3204 | D:4      | Noticed Dowan
  3215 | D:4      | Killed Duvessa
  3216 | D:4      | Reached skill level 8 in Maces & Flails
  3222 | D:4      | HP: 3/44 [Dowan/stone arrow (14)]
  3233 | D:5      | Entered Level 5 of the Dungeon
  3250 | D:5      | HP: 4/44 [phantom (2)]
  3255 | D:5      | Slain by a phantom

Vanquished Creatures
  Duvessa (D:4)
  Blork the orc (D:4)
  A scorpion (D:4)
  A hound (D:3)
  An iguana (D:4)
  A sleepcap (D:4)
  Jessica (D:2)
  3 adders (D:2)
  2 ribbon worms (D:2)
  3 dart slugs
  4 orcs (D:3)
  7 bats
  4 endoplasms
  2 giant cockroaches (D:2)
  6 hobgoblins
  4 jackals (D:1)
  2 quokkas
  2 ball pythons (D:1)
  6 goblins
  7 kobolds
  4 rats
63 creatures vanquished.
